 Dungeon Crawl Stone Soup version 0.31-a0-1620-gcbf77bbcfc (webtiles) character file.

Game seed: 10687589507404123012

107 Flugslaktarn the Trooper (level 4, -2/40 (41) HPs)
             Began as a Minotaur Fighter on Jan 11, 2024.
             Killed by nerve-wracking pain
             ... invoked by Grinder
              (6 damage)
             ... on level 3 of the Dungeon.
             The game lasted 00:01:05 (2087 turns).

Flugslaktarn the Trooper (Minotaur Fighter)         Turns: 2087, Time: 00:01:06

HP:   -2/40 (41)    AC:  8    Str: 22    XL:     4   Next: 57%
MP:   3/3           EV:  9    Int:  5    God:
Gold: 105           SH:  4    Dex: 10    Spells: 3/3 levels left

rFire   . . .        a - +0 war axe
rCold   . . .        c - +0 buckler
rNeg    . . .        b - +0 scale mail
rPois   .            (helmet restricted)
rElec   .            (no cloak)
rCorr   .            (no gloves)
SInv    .            g - +0 pair of boots
Will    .....        (no amulet) Stlth
                     (no ring)
HPRegen 0.26/turn    (no ring)
MPRegen 0.08/turn

%: no passive effects
@: lightly drained
A: horns 2, retaliatory headbutt
a: no special abilities


You were on level 3 of the Dungeon.
You visited 1 branch of the dungeon, and saw 3 of its levels.

You collected 105 gold pieces.

Inventory:

Hand Weapons
 a - a +0 war axe (weapon)
Armour
 b - a +0 scale mail (worn)
 c - a +0 buckler (worn)
 g - a +0 pair of boots (worn)
   (You found it on level 1 of the Dungeon)
Scrolls
 e - 3 scrolls of immolation {unknown}
 i - a scroll of fear {unknown}
 l - a scroll of teleportation {unknown}
 m - 2 scrolls of noise {unknown}
 o - a scroll of brand weapon {unknown}
 q - a scroll of identify {unknown}
Potions
 d - a potion of might
 f - a potion of lignification
 h - a potion of mutation {unknown}
 j - a potion of berserk rage {unknown}
 k - a potion of heal wounds {unknown}
 n - a potion of haste {unknown}
 p - 3 potions of attraction {unknown}


   Skills:
 * Level 4.8 Fighting
 * Level 3.9 Axes
 + Level 4.2 Armour
 + Level 4.2 Shields


You had 3 spell levels left.
You didn't know any spells.
Your spell library was empty.

Dungeon Overview and Level Annotations

Branches:
Dungeon (3/15)

Altars:
The Shining One

Annotations:
D:3 Grinder


Innate Abilities, Weirdness & Mutations

You have a pair of horns on your head.
You reflexively headbutt those who attack you in melee.


Message History

You kill the hobgoblin!
p - 3 glowing grey potions (gained 1)
Found a plate armour.
No target in view!
You see here a +0 plate armour.
Found a trident and a ring mail.
An orc comes into view. It is wielding a +0 morningstar.
The orc shouts!
You see here 18 gold pieces.
An orc is nearby!
Found a stone staircase leading up.
You hit the orc. You headbutt the orc.
The orc is heavily wounded.
The orc completely misses you.
You closely miss the orc.
The orc is heavily wounded.
The orc hits you with a +0 morningstar!
You slash the orc!
You kill the orc!
No target in view!
No target in view!
No target in view!
No target in view!
You now have 105 gold pieces (gained 18).
A kobold comes into view. It is wielding a +0 dagger.
The kobold shouts!
The kobold throws a stone.
The stone hits you but does no damage.
A kobold is nearby!
A kobold is nearby!
The kobold throws a stone.
You block the stone.
No target in view!
No target in view!
No target in view!
No target in view!
No target in view!
No target in view!
No target in view!
The kobold hits you but does no damage.
There is a stone staircase leading up here.
A kobold is nearby!
You closely miss the kobold. Your headbutt misses the kobold.
The kobold barely misses you.
You hit the kobold.
You kill the kobold!
No target in view!
No target in view!
No target in view!
No target in view!
You open the door.
Found a buckler.
There is an open door here.
No target in view!
Found a short sword.
A frilled lizard comes into view.
The frilled lizard hisses angrily.
A frilled lizard is nearby!
The frilled lizard barely misses you.
You see here a scroll labelled ZUITAR BUNG.
You miss the frilled lizard.
Your headbutt misses the frilled lizard.
The frilled lizard bites you but does no damage.
You block the frilled lizard's attack.
You closely miss the frilled lizard.
Your headbutt misses the frilled lizard.
The frilled lizard bites you.
You closely miss the frilled lizard. You block the frilled lizard's attack.
You slash the frilled lizard!
You kill the frilled lizard!
No target in view!
q - a scroll labelled ZUITAR BUNG No target in view!
You see here a frilled lizard corpse.
Grinder comes into view.
Grinder shouts!
Grinder is nearby!
Grinder is nearby!
Grinder rolls her eyes.
Grinder closely misses you. You furiously retaliate!
You headbutt Grinder. You closely miss Grinder.
Grinder is lightly wounded.
Grinder hits you.
You writhe in agony.
You hit Grinder.
Grinder is lightly wounded.
Grinder gestures at you. Pain shoots through your body!
You hit Grinder. You headbutt Grinder.
Grinder is moderately wounded.
Grinder hits you.
You writhe in agony.
* * * LOW HITPOINT WARNING * * *
Grinder hits you.
* * * LOW HITPOINT WARNING * * *
You writhe in agony.
* * * LOW HITPOINT WARNING * * *
You are too injured to fight recklessly!
You slash Grinder! You headbutt Grinder.
Grinder is severely wounded.
Grinder gestures at you. Pain shoots through your body!
You die...
Grinder says, "Hey, I wasn't done torturing you yet!"

#.......#
#.#####.#######
##..............
##.....##.#######
#......+..#
#......#### .
#......# ...
#.#########.....
#.......@5.....#
#..............#
#..............#
#.########...###
####+####........
.....
.........†.......
.#####
.###.#....)......
.
...#....#########
# .#.#....#


You could see Grinder.

Vanquished Creatures
  An orc wizard (D:3)
  An adder (D:2)
  2 dart slugs
  5 orcs (D:3)
  8 ball pythons
  5 endoplasms
  3 giant cockroaches
  4 goblins
  7 hobgoblins
  2 jackals (D:2)
  3 quokkas
  3 bats (D:1)
  6 frilled lizards
  7 kobolds
  3 rats
60 creatures vanquished.

Notes
Turn   | Place    | Note
-------+----------+-------------------------------------------
     0 | D:1      | Flugslaktarn the Minotaur Fighter began the quest for the
                  | Orb.
     0 | D:1      | Reached XP level 1. HP: 19/19 MP: 0/0
   164 | D:1      | Reached XP level 2. HP: 27/27 MP: 1/1
   626 | D:1      | Reached XP level 3. HP: 30/33 MP: 2/2
  1694 | D:3      | Reached XP level 4. HP: 38/41 MP: 3/3
  1800 | D:3      | Found a glowing golden altar of the Shining One.
  2080 | D:3      | Noticed Grinder
  2087 | D:3      | Killed from afar by Grinder

Illustrated notes

Levels and vault maps discovered:
D:1:      heliophobic_arrival_ceremonial_halls, layout_loops_ring
D:2:      layout_loops_ring
D:3:      layout_basic, tso_metal_star, serial_rivers,
          chequers_serial_rivers_micro_a, chequers_serial_rivers_small_3,
          chequers_serial_rivers_micro_d, chequers_serial_rivers_room_b,
          uniq_grinder

Skill      XL: |  1  2  3 |
---------------+----------+-----
Fighting       | 4 |  4.8
Axes           | 3 |  3.9
Shields        | 4 |  4.2
Armour         | 4 |  4.2

Action                     |  1- 3 |  4- 6 || total
---------------------------+-------+-------++-------
  Melee: War axe           |   111 |    32 ||   143
         Headbutt          |     9 |     7 ||    16
    Use: Potion            |     1 |       ||     1
 Armour: Scale mail        |    76 |    15 ||    91
         Skin              |    15 |     4 ||    19
  Dodge: Dodged            |    45 |    10 ||    55
  Block: Buckler           |    24 |    10 ||    34

Table legend: (Time is in decaauts)
 A = Elapsed time spent in this place.
 B = Non-inter-level travel time spent in this place.
 C = Inter-level travel time spent in this place.
 D = Time resting spent in this place.
 E = Time spent auto-exploring this place.
 F = Levels seen in this place.
 G = Mean time per level.
                   A        B        C        D        E       F      G
               +--------+--------+--------+--------+--------+-----+--------+
         Total |   2139 |   2075 |     64 |     22 |   1667 |   3 |  713.0 |
       Dungeon |   2139 |   2075 |     64 |     22 |   1667 |   3 |  713.0 |
               +--------+--------+--------+--------+--------+-----+--------+

Top non-repeatable levels by time:
     D:2: 872 daAuts
     D:1: 850 daAuts
     D:3: 416 daAuts
